 Dungeon Crawl Stone Soup version 0.18.1-50-g88ac8fd (webtiles) character file.

266 Amnesiac the Cutter (level 6, -2/47 HPs)
             Began as a Merfolk Fighter on Mar 7, 2018.
             Slain by a black bear (4 damage)
             ... on level 4 of the Dungeon.
             The game lasted 00:04:42 (1283 turns).

Amnesiac the Cutter (Merfolk Fighter)               Turns: 1283, Time: 00:04:43

Health: -2/47      AC:  8    Str: 18    XL:     6   Next: 20%
Magic:  6/6        EV:  7    Int:  8    God:
Gold:   117        SH:  9    Dex: 13    Spells: 0 memorised, 5 levels left

rFire  . . .     SeeInvis .     a - +0 rapier
rCold  . . .     Gourm    .     b - +0 scale mail
rNeg   . . .     Faith    .     c - +0 shield
rPois  .         Spirit   .     (no helmet)
rElec  .         Dismiss  .     (no cloak)
rCorr  .         Reflect  .     (no gloves)
SustAt .         Harm     .     r - +1 pair of boots
MR     .....                    (no amulet)
Stlth  ..........               (no ring)
                                (no ring)

@: not resistant to hostile enchantments, extremely unstealthy
A: change form in water, swift swim
a: no special abilities


You were on level 4 of the Dungeon.
You were not hungry.

You visited 1 branch of the dungeon, and saw 5 of its levels.

You collected 117 gold pieces.

Inventory:

Hand Weapons
 a - a +0 rapier (weapon)
Missiles
 g - 112 stones (quivered)
Armour
 b - a +0 scale mail (worn)
 c - a +0 shield (worn)
 r - a +1 pair of boots (worn)
Wands
 l - a wand of random effects (0/48)
Scrolls
 e - 5 scrolls of identify {!r, unknown}
 h - a scroll of magic mapping {!r, unknown}
 i - a scroll of remove curse {!r, unknown}
 j - a scroll of enchant armour {!r, unknown}
 n - a scroll of amnesia {!r, unknown}
 o - a scroll of teleportation {!r, unknown}
 p - 2 scrolls of blinking {!r, unknown}
Potions
 d - a potion of might {!q}
 k - a potion of mutation {!q, unknown}
Books
 m - a book of Misfortune

   Spells                             Type                      Level
   a - Confusing Touch                Hexes                        2
   b - Confuse                        Hexes                        3
   c - Gell's Gravitas                Hexes/Translocation          3
   d - Petrify                        Transmutation/Earth          4
   e - Metabolic Englaciation         Hexes/Ice                    5
   f - Yara's Violent Unravelling     Hexes/Transmutation          5
Comestibles
 f - 2 bread rations
 q - 2 meat rations
 s - a chunk of flesh


   Skills:
 - Level 3.2 Fighting
 + Level 7.6 Short Blades
 - Level 2.1 Armour
 - Level 3.0 Shields


You had 5 spell levels left.
You didn't know any spells.

Dungeon Overview and Level Annotations

Branches:
Dungeon (5/15)
 Temple: D:4-7

Altars:
Ashenzari
Elyvilon
Gozag
Ru
Vehumet


Message History

g - 111 stones (gained 1)
g - 112 stones (gained 1)
There is a stone staircase leading down here.
You climb downwards.
You block the black bear's attack. The black bear closely misses you.
You block the black bear's attack. The black bear bites you.
The black bear claws you. You block the black bear's attack.
The orc barely misses you.
There is a stone staircase leading up, spattered with blood here.
The black bear bites you. You block the black bear's attack. x2
The black bear bites you.
The black bear claws you but does no damage. x2
You hit the black bear.
The black bear is lightly wounded.
The black bear bites you but does no damage.
The black bear claws you but does no damage. x2
You hit the black bear.
The black bear is lightly wounded.
You block the black bear's attack. The black bear claws you.
The black bear claws you but does no damage.
You hit the black bear.
The black bear is moderately wounded.
The black bear bites you. The black bear claws you.
You block the black bear's attack.
You barely miss the black bear.
The black bear is moderately wounded.
The black bear barely misses you. You block the black bear's attack.
The black bear claws you.
You puncture the black bear!
The black bear is severely wounded.
You hit the black bear but do no damage.
The black bear is severely wounded.
The black bear bites you. You block the black bear's attack.
The black bear claws you but does no damage.
You hit the black bear.
The black bear is severely wounded.
The black bear bites you but does no damage.
The black bear barely misses you. x2
Your shield and scale mail prevent you from hitting the black bear.
The black bear is severely wounded.
The black bear goes berserk!
Your shield and scale mail prevent you from hitting the black bear.
The black bear is severely wounded.
The black bear bites you but does no damage.
The black bear claws you.
The black bear claws you but does no damage.
The black bear bites you!
* * * LOW HITPOINT WARNING * * *
You block the black bear's attack. x2
You hit the black bear.
The black bear is severely wounded.
You block the black bear's attack.
The black bear claws you but does no damage.
The black bear claws you.
* * * LOW HITPOINT WARNING * * *
You hit the black bear.
The black bear is almost dead.
The black bear bites you but does no damage.
The black bear claws you but does no damage. x2
You hit the black bear.
The black bear is almost dead.
The black bear bites you!
* * * LOW HITPOINT WARNING * * *
The black bear barely misses you. The black bear claws you.
You die...

##### ### #...# #...####
#.#[# #......# #.#.# #
###....#@# #.#.########
#.......#h#####...#......'
#.#...[.#o##...##.#......'
_................#..(...#
# #..............<.......#
#.##....#..#...######.....
#.......#..#...# ##....
#.........##### ####.#..
#.............# #.......


You could see a black bear (berserk) and an orc.

Vanquished Creatures
  Grinder (D:3)
  A worker ant (D:4)
  3 adders
  An ooze (D:3)
  A giant cockroach (D:1)
  A goblin (D:2)
  A hobgoblin (D:2)
  2 jackals (D:5)
  A quokka (D:2)
  A bat (D:2)
  4 kobolds
  12 rats (D:1)
29 creatures vanquished.

Notes
Turn   | Place    | Note
--------------------------------------------------------------
     0 | D:1      | Amnesiac the Merfolk Fighter began the quest for the Orb.
     0 | D:1      | Reached XP level 1. HP: 18/18 MP: 1/1
    54 | D:1      | Reached skill level 3 in Short Blades
    75 | D:1      | Reached XP level 2. HP: 23/24 MP: 2/2
   263 | D:2      | Found an opulent altar of Gozag.
   596 | D:3      | Noticed Grinder
   598 | D:3      | Reached skill level 4 in Short Blades
   607 | D:3      | Killed Grinder
   607 | D:3      | Reached skill level 7 in Short Blades
   607 | D:3      | Reached XP level 3. HP: 29/29 MP: 3/3
   607 | D:3      | Reached XP level 4. HP: 35/35 MP: 4/4
   607 | D:3      | Reached XP level 5. HP: 41/41 MP: 5/5
   728 | D:4      | Found a sacrificial altar of Ru.
   802 | D:4      | Reached XP level 6. HP: 35/47 MP: 6/6
   822 | D:4      | Found a shattered altar of Ashenzari.
   822 | D:4      | Found a white marble altar of Elyvilon.
   822 | D:4      | Found a radiant altar of Vehumet.
   980 | D:4      | Noticed a black bear
   980 | D:4      | an ogre changed into a black bear
  1002 | D:5      | Entered Level 5 of the Dungeon
  1283 | D:4      | HP: 2/47 [black bear (10)]
  1283 | D:4      | Slain by a black bear

Skill      XL: |  1  2 |
---------------+-------+-----
Short Blades   | 3 7 |  7.6
Fighting       | |  3.2
Armour         | |  2.1
Shields        | |  3.0

Action                   |  1- 3 |  4- 6 || total
-------------------------+-------+-------++-------
Melee: Rapier            |    56 |    79 ||   135
Evoke: Wand              |     5 |     4 ||     9
  Eat: Chunk             |       |     1 ||     1
Armor: Scale mail        |    16 |    50 ||    66
Dodge: Dodged            |    13 |    23 ||    36
Block: Shield            |    16 |    42 ||    58
